 Dungeon Crawl Stone Soup version 0.30.0-15-g856e2d3f33 (webtiles) character file.

Game seed: 8371064316356806423

124 Kenran the Chopper (level 5, -1/30 HPs)
             Began as a Gargoyle Gladiator on May 19, 2023.
             Slain by Sigmund
             ... wielding a +0 scythe
              (4 damage)
             ... on level 2 of the Dungeon.
             The game lasted 00:02:07 (1059 turns).

Kenran the Chopper (Gargoyle Gladiator)             Turns: 1059, Time: 00:02:08

Health: -1/30      AC: 16    Str: 20    XL:     5   Next: 8%
Magic:  5/5        EV:  6    Int:  8    God:
Gold:   72         SH:  0    Dex: 11    Spells: 4/4 levels left

rFire   . . .        a - +0 war axe
rCold   . . .        (no shield)
rNeg    + . .        i - +0 plate armour
rPois   ∞            c - +0 helmet
rElec   +            (no cloak)
rCorr   .            (no gloves)
SInv    .            k - +0 pair of boots
Will    .....        (no amulet) Stlth
                     (no ring)
HPRegen 0.25/turn    (no ring)
MPRegen 0.09/turn

%: no passive effects
@: slowed, very slow
A: sickness immunity, AC +4, negative energy resistance 1, electricity
resistance, torment resistance 1, petrification resistance
a: no special abilities


You were on level 2 of the Dungeon.
You visited 1 branch of the dungeon, and saw 2 of its levels.

You collected 72 gold pieces.

Inventory:

Hand Weapons
 a - a +0 war axe (weapon)
Missiles
 d - 3 throwing nets (quivered)
Armour
 c - a +0 helmet (worn)
 i - a +0 plate armour (worn)
 k - a +0 pair of boots (worn)
Scrolls
 e - a scroll of silence {unknown}
 f - a scroll of identify {unknown}
 g - a scroll of teleportation {unknown}
 h - a scroll of magic mapping {unknown}
 j - a scroll of enchant weapon {unknown}
Potions
 b - a potion of attraction {unknown}


   Skills:
 - Level 2.1 Fighting
 + Level 5.1 Axes
 - Level 1.7 Throwing
 - Level 2.4 Dodging


You had 4 spell levels left.
You didn't know any spells.
Your spell library was empty.

Dungeon Overview and Level Annotations

Branches:
Dungeon (2/15)

Altars:

Annotations:
D:2 Sigmund


Innate Abilities, Weirdness & Mutations

You are immune to sickness and miasma.
Your stone body is resilient. (AC +4)
You are immune to poison.
You resist negative energy. (rN+)
You are resistant to electric shocks. (rElec)
You are resistant to unholy torment.
You are immune to petrification.


Message History

You barely miss the adder.
The adder is heavily wounded.
The adder bites you but does no damage. Something hits you but does no damage.
The adder bites you but does no damage.
You hit the adder.
The adder is almost dead.
Natasha casts a spell.
The adder bites you but does no damage.
The cerulean imp hits you but does no damage.
The adder attacks as you move away! The adder bites you but does no damage.
You slash the adder!
You kill the adder!
You slash Natasha! You punch Natasha, but do no damage.
Natasha is heavily wounded.
Natasha zaps a wand.
The puff of flame hits you! Something hits you but does no damage.
You completely miss Natasha.
Natasha is heavily wounded.
Natasha claws you but does no damage. Natasha casts a spell at you.
You feel yourself slow down.
You miss Natasha.
Natasha is heavily wounded.
Something hits you but does no damage. Natasha claws you but does no damage.
Something hits you.
Natasha stares at you and mumbles some strange words.
The magic dart hits you but does no damage.
You slash Natasha!
You kill Natasha!
Natasha yowls pathetically as she dies!
The cerulean imp disappears in a puff of smoke! x2
Something hits you but does no damage.
Your Axes skill increases to level 5!
You have reached level 5!
There is a strange disturbance nearby!
Something hits you but does no damage.
You closely miss something. Something hits you!
* * * LOW HITPOINT WARNING * * *
You slash something! Something hits you.
You die...

#.......# #...†...#
######.#### .......#
.......# .......#
########( .......#
#.......#
##..##.###########.......#
##..)..........@{.......#
##.....#########.......#
###.#....######..######
#†####........##
#.##########....#
##........ .h.##....
##............. ###...
#.............. ..
###..............


There were no monsters in sight!

Vanquished Creatures
  Natasha (twice) (D:2)
  3 adders (D:2)
  4 dart slugs
  9 ball pythons
  4 endoplasms (D:1)
  2 giant cockroaches
  2 hobgoblins (D:1)
  A kobold (D:1)
  A quokka (D:1)
  5 bats
  4 frilled lizards
  3 goblins (D:1)
  3 rats
43 creatures vanquished.

Notes
Turn   | Place    | Note
-------+----------+-------------------------------------------
     0 | D:1      | Kenran the Gargoyle Gladiator began the quest for the Orb.
     0 | D:1      | Reached XP level 1. HP: 12/12 MP: 1/1
   137 | D:1      | Reached skill level 3 in Axes
   144 | D:1      | Reached XP level 2. HP: 14/17 MP: 2/2
   349 | D:1      | Reached XP level 3. HP: 21/21 MP: 3/3
   560 | D:1      | Reached skill level 4 in Axes
   891 | D:2      | Reached XP level 4. HP: 23/26 MP: 4/4
   923 | D:2      | Noticed Natasha
   941 | D:2      | Killed Natasha
  1038 | D:2      | Noticed Natasha
  1039 | D:2      | Noticed Sigmund
  1056 | D:2      | Killed Natasha
  1057 | D:2      | Reached skill level 5 in Axes
  1057 | D:2      | Reached XP level 5. HP: 11/30 MP: 5/5
  1059 | D:2      | Slain by Sigmund

Illustrated notes

Levels and vault maps discovered:
D:1:      kilobyte_arrival_exit_the_forest, layout_basic,
          kennysheep_pointless_box
D:2:      layout_rooms, uniq_sigmund, uniq_natasha

Skill      XL: |  1  2  3  4 |
---------------+-------------+-----
Axes           | 3 4 5 |  5.1
Fighting       | |  2.1
Throwing       | |  1.7
Dodging        | |  2.4

Action                     |  1- 3 |  4- 6 || total
---------------------------+-------+-------++-------
  Melee: War axe           |   109 |    42 ||   151
         Punch             |       |     1 ||     1
 Armour: Leather armour    |     8 |       ||     8
         Ring mail         |    22 |       ||    22
         Plate armour      |    36 |    45 ||    81
  Dodge: Dodged            |    63 |    18 ||    81
